 Dungeon Crawl Stone Soup version 0.24-a0-545-gd1b266bae6 (webtiles) character file.

Game seed: 7954931250961296795

19525 LabCoat the Severer (level 12, -7/106 HPs)
             Began as a Hill Orc Fighter on Aug 15, 2019.
             Was an Elder of Trog.
             Mangled by a tentacled starspawn (12 damage)
             ... on level 2 of the Abyss on Aug 18, 2019.
             The game lasted 01:00:28 (14655 turns).

LabCoat the Severer (Hill Orc Fighter)             Turns: 14655, Time: 01:00:30

Health: -7/106     AC: 20    Str: 24    XL:     12   Next: 69%
Magic:  9/12       EV:  5    Int:  8    God:    Trog [****..]
Gold:   1116       SH: 11    Dex: 10    Spells: 11/11 levels left

rFire    . . .     SeeInvis .   a - +1 war axe
rCold    . . .     Gourm    .   c - +0 shield
rNeg     + . .     Faith    .   q - +0 plate armour
rPois    .         Spirit   .   V - +0 helmet
rElec    .         Reflect  .   (no cloak)
rCorr    .         Harm     .   b - +1 pair of gloves
MR       ++...                  W - +1 pair of boots
Stlth    ..........             (no amulet)
HPRegen  1.27/turn              x - +2 ring of evasion
MPRegen  0.13/turn              U - ring of positive energy

@: about to teleport, berserk cooldown, regenerating, slowed, constricted, very
slow
A: no striking features
a: Berserk, Trog's Hand, Brothers in Arms, Renounce Religion


You were on level 2 of the Abyss.
You worshipped Trog.
Trog was greatly pleased with you.
You were not hungry.

You visited 3 branches of the dungeon, and saw 16 of its levels.
You visited the Abyss 1 time.
You also visited: Ossuary and Volcano.

You collected 1812 gold pieces.
You spent 696 gold pieces at shops.

Inventory:

Hand Weapons
 a - a +1 war axe (weapon)
 p - a +1 whip of electrocution
 y - a +1 morningstar
 D - a +2 flail of holy wrath
Missiles
 r - 3 poisoned darts (quivered)
 R - 7 javelins
Armour
 b - a +1 pair of gloves (worn)
 c - a +0 shield (worn)
 q - a +0 plate armour (worn)
 J - a scarf of cloud immunity
 S - a +2 cloak
 V - a +0 helmet (worn)
 W - a +1 pair of boots (worn)
Jewellery
 i - a +3 ring of intelligence
 s - an uncursed ring of protection from magic {unknown}
 x - a +2 ring of evasion (left hand)
 U - a ring of positive energy (right hand)
Wands
 v - a wand of random effects (32)
 w - a wand of flame (34)
 z - a wand of polymorph (18)
 C - a wand of disintegration (23)
 L - a wand of digging (7)
Scrolls
 h - 3 scrolls of blinking
 j - 3 scrolls of enchant armour {unknown}
 k - 12 scrolls of teleportation
 l - 2 scrolls of magic mapping
 u - 2 scrolls of noise {unknown}
 A - 3 scrolls of fear {unknown}
 B - a scroll of silence {unknown}
 E - 3 scrolls of fog
 G - a scroll of acquirement {unknown}
 H - 4 scrolls of amnesia {unknown}
 I - 5 scrolls of remove curse
 O - 2 scrolls of immolation {unknown}
 P - a scroll of summoning {unknown}
 X - 3 scrolls of enchant weapon
 Y - a scroll of holy word {unknown}
Potions
 d - 3 potions of might
 e - 3 potions of agility {unknown}
 g - 2 potions of lignification {unknown}
 m - 2 potions of haste {unknown}
 n - a potion of ambrosia {unknown}
 o - 2 potions of heal wounds
 t - 3 potions of brilliance
 F - 7 potions of flight
 K - a potion of cancellation {unknown}
 M - a potion of mutation {unknown}
 N - 11 potions of curing
 Q - 2 potions of magic {unknown}
 Z - a potion of resistance {unknown}
Comestibles
 f - 16 rations


   Skills:
 + Level 10.1 Fighting
 * Level 17.8(17.9) Axes
 + Level 2.7(10.7) Maces & Flails
 + Level 3.7 Throwing
 + Level 9.8 Armour
 + Level 8.9 Shields


You had 11 spell levels left.
You didn't know any spells.
Your spell library contained the following spells:

 Spells                   Type           Power        Failure   Level  Hunger
 Animate Skeleton         Necr           N/A          100%        1    ##.....
 Apportation              Tloc           #.....       100%        1    ##.....
 Confusing Touch          Hex            #.....       100%        1    ##.....
 Flame Tongue             Conj/Fire      #....        100%        1    ##.....
 Magic Dart               Conj           #...         100%        1    ##.....
 Shock                    Conj/Air       #...         100%        1    ##.....
 Summon Small Mammal      Summ           #...         100%        1    ##.....
 Blink                    Tloc           N/A          100%        2    ###....
 Call Imp                 Summ           #.......     100%        2    ###....
 Slow                     Hex            #.......     100%        2    ###....
 Swiftness                Chrm/Air       #.......     100%        2    ###....
 Throw Flame              Conj/Fire      #.....       100%        2    ###....
 Conjure Flame            Conj/Fire      #.......     100%        3    ####...
 Inner Flame              Hex/Fire       #.......     100%        3    ####...
 Mephitic Cloud           Conj/Pois/Air  #.......     100%        3    ####...
 Static Discharge         Conj/Air       #.......     100%        3    ####...
 Airstrike                Air            #.........   100%        4    #####..
 Sticky Flame             Conj/Fire      #.......     100%        4    #####..
 Fireball                 Conj/Fire      #.........   100%        5    ######.
 Lightning Bolt           Conj/Air       #.........   100%        5    ######.


Dungeon Overview and Level Annotations

Branches:
Dungeon (11/15)            Temple (1/1) D:4            Lair (4/6) D:9
 Shoals (0/4) Lair:3
  Snake: Lair:2-4    Spider: Lair:2-4       Orc: D:9-12

Altars:
Ashenzari
Cheibriados
Dithmenos
Elyvilon
Fedhas
Gozag
Hepliaklqana
Kikubaaqudgha
Makhleb
Nemelex Xobeh
Okawaru
Qazlal
Ru
Sif Muna
Trog
Uskayaw
Vehumet
Wu Jian
Xom
Yredelemnul
Zin
The Shining One

Shops:
D:5 [

Annotations:
Lair:2 1 runed translucent door, Execuda's ghost, journeyman OgBe


Message History

You block the tentacled starspawn's attack.
You block the starspawn tentacle's attack.
Okay, then.
As you read the scroll of teleportation, it crumbles to dust.
You feel strangely unstable.
You feel the power of the Abyss delaying your translocation!
The tentacled starspawn closely misses you.
The tentacled starspawn engulfs you but does no damage.
The starspawn tentacle closely misses you.
The starspawn tentacle grabs you. The starspawn tentacle constricts you.
The tentacled starspawn bites you but does no damage.
You block the tentacled starspawn's attack.
Blink to where?
Press: ? - help, Dir - move target cursor The starspawn tentacle's grasp on you weakens, but your attempt to escape fails.
As you read the scroll of blinking, it crumbles to dust.
The starspawn tentacle constricts you. The tentacled starspawn bites you!!
* * * LOW HITPOINT WARNING * * *
The tentacled starspawn engulfs you!
You die...

# . # .#. . # .
.. . .#.. . .
.## ... .#. .
#.... . ....# #
..
#.#####.##.#.##
#.
#.............(
≈
###.#..w........
≈ # .#. .#.│.@#.
. .. .([...│wX#
# # #
.#....V#S.─X─.
## ##....###'
'##.# . #..#...
... . .#..#.##.
#§# # #...§≈≈≈.≈
≈§ . . #
....≈≈§≈≈ ≈.§≈§≈
. # .#..≈
≈.#.#≈. #§ ≈


You could see a tentacled starspawn, a mana viper and 2 starspawn tentacles.

Vanquished Creatures
  A hydra (D:9)
  A two-headed ogre (D:9)
  2 wizards (Volcano)
  A starcursed mass (Abyss:2)
  2 large abominations (Abyss:2)
  An ugly thing (D:11)
  Pikel (D:6)
  A manticore (Lair:3)
  A worldbinder (Abyss:2)
  2 toenail golems (Volcano)
  A black mamba (Lair:4)
  A centaur zombie (D:11)
  Maurice (D:9)
  A gargoyle (D:10)
  3 spiny frogs
  4 komodo dragons
  A rime drake (Lair:4)
  2 trolls
  A polar bear (Lair:4)
  A merfolk (D:11)
  Grinder (D:5)
  Prince Ribbit (Lair:1)
  2 blink frogs (Lair:1)
  3 hippogriffs
  A wyvern (D:8)
  Sigmund (D:5)
  18 yaks
  A hungry ghost (D:9)
  A human (D:11)
  Edmund (D:4)
  Duvessa (D:7)
  4 water moccasins
  6 porcupines
  2 orc warriors
  A black bear (D:9)
  An ice beast (D:9)
  2 sky beasts
  A slave (D:6)
  2 necrophages
  4 ogres
  3 centaurs
  5 crocodiles
  A big kobold (D:9)
  5 bullfrogs
  Dowan (D:7)
  A water moccasin zombie (Ossuary)
  5 scorpions
  5 wights (D:8)
  3 electric eels
  6 howler monkeys
  5 crimson imps
  A bullfrog zombie (D:8)
  3 hounds
  3 jellies
  3 orc priests
  Jessica (D:2)
  4 iguanas
  Ijyb (D:4)
  5 worker ants
  A killer bee zombie (D:8)
  4 big kobold zombies (Ossuary)
  2 mummies (Ossuary)
  2 worker ant zombies
  A howler monkey skeleton (D:6)
  6 adders
  4 gnolls (D:6)
  2 shadow imps
  An ooze (D:1)
  6 adder zombies
  An adder skeleton (D:9)
  4 worms
  3 dart slugs
  7 leopard geckos
  17 orcs
  5 giant cockroaches
  8 goblins
  10 hobgoblins
  10 jackals
  12 kobolds
  7 bats
  6 frilled lizards
  3 hobgoblin zombies (Ossuary)
  7 kobold zombies (Ossuary)
  A leopard gecko skeleton (D:4)
  A leopard gecko zombie (D:6)
  3 orc zombies (Ossuary)
  A quokka zombie (D:6)
  6 rats
  A starspawn tentacle (Abyss:2)
286 creatures vanquished.

Vanquished Creatures (others)
  A slave (D:6)
  A quokka (D:6)
  A fungus (Lair:2)
  A plant (Lair:2)
  2 starspawn tentacles (Abyss:2)
6 creatures vanquished.

Grand Total: 292 creatures vanquished

Notes
Turn   | Place    | Note
-------+----------+-------------------------------------------
     0 | D:1      | LabCoat the Hill Orc Fighter began the quest for the Orb.
     0 | D:1      | Reached XP level 1. HP: 19/19 MP: 1/1
   155 | D:1      | Reached skill level 3 in Axes
   155 | D:1      | Reached XP level 2. HP: 27/27 MP: 2/2
   347 | D:1      | Reached XP level 3. HP: 32/33 MP: 3/3
   744 | D:2      | Noticed Jessica
   762 | D:2      | Killed Jessica
   762 | D:2      | Reached skill level 4 in Axes
   762 | D:2      | Reached XP level 4. HP: 31/40 MP: 4/4
   993 | D:2      | You fall into a shaft and drop 1 floor!
  1539 | D:3      | Reached skill level 5 in Axes
  1587 | D:3      | You fall into a shaft and drop 1 floor!
  1640 | D:4      | Upgraded the game from 0.24-a0-537-g2d01d4ab0a to
                  | 0.24-a0-545-gd1b266bae6
  1854 | D:3      | Reached XP level 5. HP: 46/46 MP: 5/5
  2000 | D:3      | Reached skill level 6 in Axes
  2589 | D:4      | Found a staircase to the Ecumenical Temple.
  2601 | Temple   | Entered the Ecumenical Temple
  2612 | Temple   | Became a worshipper of Trog the Wrathful
  2882 | D:4      | Reached XP level 6. HP: 49/53 MP: 6/6
  3416 | D:4      | Reached skill level 7 in Axes
  3648 | D:4      | Noticed Edmund
  3653 | D:4      | Noticed Ijyb
  3658 | D:4      | Killed Edmund
  3658 | D:4      | Reached XP level 7. HP: 59/60 MP: 7/7
  3665 | D:4      | Killed Ijyb
  4022 | D:5      | Entered Level 5 of the Dungeon
  4030 | D:5      | Reached skill level 8 in Axes
  4127 | D:5      | Noticed Grinder
  4127 | D:5      | Paralysed by Grinder for 4 turns
  4137 | D:5      | Paralysed by Grinder for 5 turns
  4148 | D:5      | Paralysed by Grinder for 7 turns
  4166 | D:5      | Paralysed by Grinder for 3 turns
  4170 | D:5      | Killed Grinder
  4170 | D:5      | Reached skill level 9 in Axes
  4170 | D:5      | Reached skill level 5 in Armour
  4170 | D:5      | Reached XP level 8. HP: 22/67 MP: 8/8
  4407 | D:5      | Reached skill level 5 in Fighting
  4452 | D:5      | Found an opulent altar of Gozag.
  4628 | D:5      | Noticed Sigmund
  4652 | D:5      | Killed Sigmund
  4841 | D:5      | Found Ygoammie's Armour Emporium.
  4849 | D:5      | Bought a +1 pair of gloves for 172 gold pieces
  4897 | D:6      | Reached skill level 5 in Shields
  5038 | D:6      | Reached skill level 10 in Axes
  5144 | D:6      | Noticed Pikel
  5161 | D:6      | Killed Pikel
  5161 | D:6      | Reached skill level 11 in Axes
  5161 | D:6      | Reached skill level 1 in Throwing
  5253 | D:6      | Reached XP level 9. HP: 73/74 MP: 9/9
  5818 | D:7      | Noticed Duvessa
  5819 | D:7      | Noticed Dowan
  5836 | D:7      | Killed Duvessa
  5840 | D:7      | Killed Dowan
  5968 | D:7      | Reached skill level 12 in Axes
  6506 | D:7      | Found a blossoming altar of Fedhas.
  6742 | D:7      | Reached * piety under Trog
  7106 | D:8      | Reached skill level 13 in Axes
  7264 | D:8      | Found a sand-covered staircase.
  7322 | Ossuary  | Entered an ossuary
  7575 | D:8      | Noticed a troll
  7584 | D:8      | Killed a troll
  7584 | D:8      | Reached XP level 10. HP: 52/84 MP: 10/10
  7585 | D:8      | Reached ** piety under Trog
  7825 | D:8      | Reached skill level 14 in Axes
  8391 | D:9      | Noticed Maurice
  8405 | D:9      | Killed Maurice
  8581 | D:5      | Bought a +2 cloak for 247 gold pieces
  8581 | D:5      | Bought a +2 chain mail of positive energy for 277 gold
                  | pieces
  8795 | D:9      | Noticed a seven-headed hydra
  8804 | D:9      | Killed a seven-headed hydra
  9182 | D:9      | Reached skill level 1 in Maces & Flails
  9230 | D:9      | Found a staircase to the Lair.
  9459 | D:9      | Noticed a two-headed ogre
  9465 | D:9      | Killed a two-headed ogre
  9465 | D:9      | Reached *** piety under Trog
  9465 | D:9      | Reached skill level 15 in Axes
  9465 | D:9      | Reached XP level 11. HP: 93/93 MP: 11/11
  9577 | D:10     | Entered Level 10 of the Dungeon
 10562 | D:11     | Reached skill level 16 in Axes
 10580 | D:11     | Noticed a purple ugly thing
 10608 | D:11     | Killed a purple ugly thing
 10820 | Lair:1   | Entered Level 1 of the Lair of Beasts
 11206 | Lair:1   | Noticed Prince Ribbit
 11728 | Lair:1   | Killed Prince Ribbit
 12050 | Lair:2   | Found a runed translucent door.
 12050 | Lair:2   | Found a shimmering altar of Xom.
 12050 | Lair:2   | Noticed Execuda's ghost (journeyman OgBe)
 12296 | Lair:2   | Identified the +6 scythe of Sin {chaos, rElec}
 12296 | Lair:2   | Noticed a +6 scythe of Sin {chaos, rElec}
 12401 | Lair:2   | Reached skill level 17 in Axes
 12404 | Lair:2   | Reached XP level 12. HP: 97/103 MP: 12/12
 12902 | Lair:3   | Found a staircase to the Shoals.
 14215 | Lair:4   | Found a dark tunnel.
 14225 | Lair:4   | Reached **** piety under Trog
 14251 | Volcano  | Entered a volcano
 14547 | Volcano  | Cast into level 2 of the Abyss (a wizard)
 14596 | Abyss:2  | Reached skill level 10 in Fighting
 14604 | Abyss:2  | Noticed a starcursed mass
 14629 | Abyss:2  | Killed a starcursed mass
 14633 | Abyss:2  | Noticed a tentacled starspawn
 14637 | Abyss:2  | Noticed a deep elf knight
 14650 | Abyss:2  | HP: 5/106 [starspawn tentacle[a tentacled starspawn] (2)]
 14655 | Abyss:2  | HP: 5/106 [tentacled starspawn (20)]
 14655 | Abyss:2  | Mangled by a tentacled starspawn

Levels and vault maps discovered:
D:1:      dpeg_arrival_shelter, layout_basic
D:2:      layout_basic, minmay_quadrilaterals, uniq_jessica
D:3:      layout_rooms, first_ration
D:4:      layout_loops_corners, minmay_temple_entry_statues_fountains,
          uniq_edmund, uniq_ijyb
D:5:      layout_cave_pools, nicolae_gozag_cash_rules_everything_around_me,
          serial_shops, shop, uniq_grinder, uniq_sigmund
D:6:      layout_loops_ring, roderic_cross_of_infinity, serial_bayou_pond_e,
          kennysheep_potato, uniq_pikel
D:7:      layout_loops_ring, fedhas_altar_fruit_tree, uniq_duvessa
D:8:      layout_basic, nicolae_ossuary_entry_false_entrances
D:9:      layout_irregular_city, lair_entry_dummy,
          nicolae_straight_to_the_point, uniq_maurice
D:10:     layout_cave_pods
D:11:     layout_long_grid, david_orc_4, serial_shops, shop,
          hangedman_stone_soup, wad_hexagon
Temple:   nicolae_temple_the_god_donut
Lair:1:   layout_regular_city, minivault_24, nicolae_lair_grove_arrangements,
          minivault_23, serial_bayou_crossing, infiniplex_staircase_pool,
          uniq_prince_ribbit2
Lair:2:   layout_hall_layers, ebering_ghost_xom
Lair:3:   layout_chaotic_city, minmay_shoals_entry_beasts, serial_bayou_shore_a
Lair:4:   layout_hall_layers, dummy_spider_entry, nicolae_volcano_entry_hallway
Abyss:2:  hangedman_eye_storm
Volcano:  volcano_bunker

Skill      XL: |  1  2  3  4  5  6  7  8  9 10 11 12 |
---------------+-------------------------------------+-----
Axes           | 3 4 5 6 7 9 11 13 15 17 | 17.8
Fighting       | 4 5 6 7 8 10 | 10.1
Shields        | 4 5 6 7 8 |  8.9
Armour         | 4 5 7 8 9 |  9.8
Throwing       | 1 2 3 |  3.7
Maces & Flails | 2 |  2.7

Action                   |  1- 3 |  4- 6 |  7- 9 | 10-12 || total
-------------------------+-------+-------+-------+-------++-------
Melee: War axe           |    75 |   194 |   430 |   584 ||  1283
       Morningstar       |       |       |       |     9 ||     9
Throw: Dart              |       |     5 |    20 |    48 ||    73
Invok: Berserk           |       |       |     1 |    11 ||    12
       Trog's Hand       |       |       |       |     1 ||     1
Evoke: Wand              |       |       |       |     1 ||     1
  Use: Scroll            |       |     3 |    11 |     9 ||    23
       Potion            |       |     2 |     3 |     2 ||     7
  Eat: Chunk             |       |     8 |     5 |    24 ||    37
       Ration            |       |     1 |     2 |     3 ||     6
Armor: Chain mail        |    30 |    95 |   155 |    40 ||   320
       Scale mail        |     1 |       |       |       ||     1
       Plate armour      |       |       |       |   176 ||   176
Dodge: Dodged            |     9 |    39 |    79 |   130 ||   257
Block: Shield            |    37 |    92 |   139 |   252 ||   520

Table legend:
 A = Non-vault XP
 B = Vault XP
 C = Vault XP percentage of total XP
 D = Non-vault monster count
 E = Vault monster count
 F = Vault count percentage of total count
                 A         B        C        D         E       F
            +---------+---------+-------+---------+---------+-------
      Total |   21027 |    6866 |  24.6 |     234 |      50 |  17.6
            +---------+---------+-------+---------+---------+-------
        D:1 |      45 |       0 |   0.0 |      21 |       0 |   0.0
        D:2 |      47 |      42 |  47.2 |      19 |       4 |  17.4
        D:3 |     135 |       0 |   0.0 |      25 |       0 |   0.0
        D:4 |     289 |     199 |  40.8 |      11 |       2 |  15.4
        D:5 |     253 |     493 |  66.1 |       8 |       2 |  20.0
        D:6 |     412 |     629 |  60.4 |      14 |       2 |  12.5
        D:7 |     931 |     229 |  19.7 |      19 |       2 |   9.5
        D:8 |    1590 |       0 |   0.0 |      23 |       0 |   0.0
        D:9 |    3692 |     449 |  10.8 |      34 |       1 |   2.9
       D:10 |    2818 |       0 |   0.0 |      18 |       0 |   0.0
       D:11 |    1724 |     592 |  25.6 |       6 |       4 |  40.0
     Lair:1 |    1952 |     823 |  29.7 |       8 |       3 |  27.3
     Lair:2 |    1752 |       0 |   0.0 |      10 |       0 |   0.0
     Lair:3 |     876 |     784 |  47.2 |       5 |       2 |  28.6
     Lair:4 |    2470 |       0 |   0.0 |       9 |       0 |   0.0
    Abyss:2 |    2041 |       0 |   0.0 |       4 |       0 |   0.0
    Ossuary |       0 |     255 | 100.0 |       0 |      24 | 100.0
    Volcano |       0 |    2371 | 100.0 |       0 |       4 | 100.0
            +---------+---------+-------+---------+---------+-------
